 Dungeon Crawl Stone Soup version 0.25-a0-362-g90ccd6aac3 (webtiles) character file.

Game seed: 16840105212649499482, levelgen mode: deterministic

668158 Nagy the Middleweight Champion (level 27, -1/247 HPs)
             Began as a Ghoul Monk on Jan 3, 2020.
             Was a High Priest of Okawaru.
             Killed from afar by an electric golem (5 damage)
             ... with a bolt of lightning
             ... on level 5 of the Realm of Zot on Jan 4, 2020.
             The game lasted 05:32:34 (61360 turns).

Nagy the Middleweight Champion (Ghoul Monk)        Turns: 61360, Time: 05:32:34

Health: -1/247     AC: 36    Str: 26 (27) XL:     27
Magic:  36/36      EV: 14    Int:  2 (5)  God:    Okawaru [*****.]
Gold:   9740       SH:  0    Dex: 15 (17) Spells: 26/26 levels left

rFire    + . .     SeeInvis .     - Unarmed
rCold    + . .     Gourm    .   (no shield)
rNeg     + + +     Faith    .   d - +7 crystal plate armour of Restlessness {rN+}
rPois    ∞         Spirit   .   H - +1 helmet of Cheibriados's Delight {MR+ Slay+3}
rElec    +         Reflect  .   U - +2 cloak of Beauty {Dex+6}
rCorr    .         Harm     .   (no gloves)
MR       +++..                  J - +1 pair of boots of the Lute {Str+3}
Stlth    ..........             t - amulet of regeneration
HPRegen  0.00/turn              Q - ring "Diezout" {rElec rF+ rN+++ Str-4 Slay+4}
MPRegen  0.25/turn              a - +5 ring of evasion

@: about to teleport, heroism, marked, corroded, held, rotting
A: rotting body, claws 1, carnivore, cold resistance 1, negative energy
resistance 3, inhibited regeneration, torment resistance, unbreathing
}: 3/15 runes: barnacled, silver, gossamer
a: Heroism, Finesse, Renounce Religion


You were on level 5 of the Realm of Zot.
You worshipped Okawaru.
Okawaru was extremely pleased with you.
You were not hungry.

You visited 10 branches of the dungeon, and saw 50 of its levels.
You visited the Abyss 1 time.
You visited 1 ziggurat, and saw 1 of its levels.
You also visited: Ossuary, Bailey and Ice Cave.

You collected 10152 gold pieces.
You spent 412 gold pieces at shops.

Inventory:

Hand Weapons
 c - the +8 demon blade "Leech" {vamp, rN+ AC-3 EV-3}
   (You found it in a bailey)

   It inflicts no extra harm, but heals its wielder when it wounds a living foe.
   It affects your AC (-3).
   It affects your evasion (-3).
   It protects you from negative energy.
 s - the +8 autumn katana {slice, Clar}
   (You took it off a purple draconian on level 4 of the Realm of Zot)

   It inflicts extra damage upon your enemies.
   It protects you against confusion.
 x - the +5 mace "Grim Tooth" {crush, +Blink rPois Str-3 Int+8}
   (You found it on level 2 of the Depths)

   It inflicts extra damage upon your enemies.
   It affects your strength (-3).
   It affects your intelligence (+8).
   It protects you from poison.
   It lets you blink.
 y - the +9 battleaxe "Roill" {venom, +Fly Str+5 Dex+4}
   (Okawaru gifted it to you on level 1 of the Shoals)

   It poisons the flesh of those it strikes.
   It affects your strength (+5).
   It affects your dexterity (+4).
   It lets you fly.
 z - a +5 antimagic demon trident
 K - the +10 triple crossbow of the Thoughtful Orbs {freeze, Dex+7}
   (Okawaru gifted it to you on level 3 of the Elven Halls)

   It causes projectiles fired from it to freeze those they strike, causing
   extra injury to most foes and up to half again as much damage against
   particularly susceptible opponents.
   They can also slow down cold-blooded creatures.
   It affects your dexterity (+7).
 W - the +7 great sword of Misery {distort, Str+4 Int+2 Dex+4}
   (Okawaru gifted it to you on level 1 of the Lair of Beasts)

   It warps and distorts space around it.
   Unwielding it can cause banishment or high damage.
   It affects your strength (+4).
   It affects your intelligence (+2).
   It affects your dexterity (+4).
Missiles
 g - 37 javelins (quivered)
Armour
 d - the +7 crystal plate armour of Restlessness (worn) {rN+}
   (Okawaru gifted it to you on level 5 of the Vaults)

   It protects you from negative energy.
 h - a +1 pair of boots of running
 m - the +1 crystal plate armour of Yceho Wao {rElec Dex+2}
   (Okawaru gifted it to you on level 1 of the Spider Nest)

   It affects your dexterity (+2).
   It insulates you from electricity.
 H - the +1 helmet of Cheibriados's Delight (worn) {MR+ Slay+3}
   (You found it on level 5 of the Vaults)

   It affects your accuracy and damage with ranged weapons and melee attacks
   (+3).
   It affects your resistance to hostile enchantments.
 J - the +1 pair of boots of the Lute (worn) {Str+3}
   (Okawaru gifted it to you in an ice cave)

   It affects your strength (+3).
 U - the +2 cloak of Beauty (worn) {Dex+6}
   (Okawaru gifted it to you on level 6 of the Lair of Beasts)

   It affects your dexterity (+6).
Jewellery
 a - a +5 ring of evasion (right claw)
 j - a +3 ring of protection
 t - an amulet of regeneration (around neck)
 I - an uncursed ring of see invisible
 L - the ring of Rounirom {*Slow +Fly rElec Str-2 Slay+5}
   (You acquired it on level 14 of the Dungeon)

   [ring of flight]

   It affects your strength (-2).
   It affects your accuracy and damage with ranged weapons and melee attacks
   (+5).
   It insulates you from electricity.
   It lets you fly.
   It may slow you when you take damage.
 P - a +3 amulet of reflection
 Q - the ring "Diezout" (left claw) {rElec rF+ rN+++ Str-4 Slay+4}
   (You took it off a deep elf master archer on level 3 of the Elven Halls)

   [ring of protection from fire]

   It affects your strength (-4).
   It affects your accuracy and damage with ranged weapons and melee attacks
   (+4).
   It protects you from fire.
   It insulates you from electricity.
   It renders you almost immune to negative energy.
 R - an uncursed ring of protection from cold
 V - an uncursed ring of resist corrosion
 Y - an uncursed ring of protection from magic
Wands
 i - a wand of paralysis (33)
 k - a wand of flame (251)
 C - a wand of enslavement (24)
 E - a wand of scattershot (4)
 G - a wand of acid (47)
 M - a wand of polymorph (33)
 N - a wand of iceblast (74)
 S - a wand of random effects (53)
 T - a wand of digging (18)
 Z - a wand of clouds (3)
Scrolls
 f - 2 scrolls of fog
 p - 12 scrolls of teleportation
 D - 3 scrolls of silence
Potions
 e - 13 potions of curing
 n - 2 potions of heal wounds
 o - 4 potions of invisibility
 u - 7 potions of ambrosia
 v - 18 potions of flight
 w - 3 potions of haste
 B - 3 potions of resistance
 F - 3 potions of agility
Miscellaneous
 l - 5 phantom mirrors
 r - a fan of gales
 A - a lightning rod (4/4)
 O - a phial of floods
Comestibles
 b - 97 rations


   Skills:
 * Level 20.3(25.3) Fighting
 - Level 0.5(5.5) Long Blades
 + Level 0.8(6.2) Axes
 + Level 0.6(5.9) Maces & Flails
 + Level 0.8(6.0) Polearms
 + Level 0.7(5.7) Crossbows
 + Level 1.2(6.2) Throwing
 * Level 25.3(27) Armour
 * Level 13.4(18.4) Dodging
 - Level 2.4(7.4) Stealth
 O Level 27 Unarmed Combat
 * Level 21.0 Invocations
 + Level 2.2 Evocations


You had 26 spell levels left.
You didn't know any spells.
Your spell library contained the following spells:

 Spells                   Type           Power        Failure   Level  Hunger
 Animate Skeleton         Necr           N/A          99%         1    ##.....
 Apportation              Tloc           #.....       99%         1    ##.....
 Confusing Touch          Hex            #.....       99%         1    ##.....
 Foxfire                  Conj/Fire      #...         99%         1    ##.....
 Freeze                   Ice            #...         99%         1    ##.....
 Magic Dart               Conj           #...         99%         1    ##.....
 Sting                    Tmut/Pois      #...         99%         1    ##.....
 Summon Butterflies       Summ           #.......     99%         1    ##.....
 Summon Small Mammal      Summ           #...         99%         1    ##.....
 Blink                    Tloc           N/A          100%        2    ###....
 Call Imp                 Summ           #.......     100%        2    ###....
 Corpse Rot               Necr/Air       N/A          100%        2    ###....
 Passwall                 Tmut/Erth      #.......     100%        2    ###....
 Poisonous Vapours        Pois/Air       #.....       100%        2    ###....
 Searing Ray              Conj           #.....       100%        2    ###....
 Shroud of Golubria       Chrm/Tloc      #.....       100%        2    ###....
 Slow                     Hex            #.......     100%        2    ###....
 Song of Slaying          Chrm           #.......     100%        2    ###....
 Sticks to Snakes         Tmut           #.......     100%        2    ###....
 Swiftness                Chrm/Air       #.......     100%        2    ###....
 Call Canine Familiar     Summ           #.......     100%        3    ####...
 Confuse                  Hex            #.......     100%        3    ####...
 Conjure Flame            Conj/Fire      #.......     100%        3    ####...
 Dazzling Flash           Conj/Hex       #.....       100%        3    ####...
 Gell's Gravitas          Tloc           #.........   100%        3    ####...
 Ignite Poison            Fire/Tmut/Pois #.......     100%        3    ####...
 Inner Flame              Hex/Fire       #.......     100%        3    ####...
 Mephitic Cloud           Conj/Pois/Air  #.......     100%        3    ####...
 Ozocubu's Armour         Chrm/Ice       #.......     100%        3    ####...
 Recall                   Summ/Tloc      N/A          100%        3    ####...
 Summon Guardian Golem    Hex/Summ       #.......     100%        3    ####...
 Tukima's Dance           Hex            #.......     100%        3    ####...
 Fulminant Prism          Conj/Hex       #.........   100%        4    #####..
 Hailstorm                Conj/Ice       #.......     100%        4    #####..
 Iskenderun's Mystic Bla  Conj/Tloc      #.......     100%        4    #####..
 Leda's Liquefaction      Hex/Erth       #.........   100%        4    #####..
 Passage of Golubria      Tloc           N/A          100%        4    #####..
 Petrify                  Tmut/Erth      #.......     100%        4    #####..
 Sticky Flame             Conj/Fire      #.......     100%        4    #####..
 Summon Ice Beast         Ice/Summ       #.......     100%        4    #####..
 Summon Lightning Spire   Summ/Air       #.......     100%        4    #####..
 Agony                    Necr           #.......     100%        5    ######.
 Alistair's Intoxication  Tmut/Pois      #.......     100%        5    ######.
 Aura of Abjuration       Summ           #.........   100%        5    ######.
 Bolt of Magma            Conj/Fire/Erth #.........   100%        5    ######.
 Dispel Undead            Necr           #.......     100%        5    ######.
 Excruciating Wounds      Chrm/Necr      #.........   100%        5    ######.
 Fireball                 Conj/Fire      #.........   100%        5    ######.
 Irradiate                Conj/Tmut      #.........   100%        5    ######.
 Iskenderun's Battlesphe  Conj/Chrm      #.......     100%        5    ######.
 Lee's Rapid Deconstruct  Erth           #.........   100%        5    ######.
 Metabolic Englaciation   Hex/Ice        #.........   100%        5    ######.
 Silence                  Hex/Air        #.........   100%        5    ######.
 Summon Mana Viper        Hex/Summ       #.......     100%        5    ######.
 Yara's Violent Unravell  Hex/Tmut       #.........   100%        5    ######.
 Conjure Ball Lightning   Conj/Air       #.........   100%        6    #######
 Darkness                 Hex            #.........   100%        6    #######
 Deflect Missiles         Chrm/Air       #.........   100%        6    #######
 Eringya's Noxious Bog    Tmut/Pois      #.........   100%        6    #######
 Freezing Cloud           Conj/Ice/Air   #.........   100%        6    #######
 Invisibility             Hex            #.......     100%        6    #######
 Iron Shot                Conj/Erth      #.........   100%        6    #######
 Orb of Destruction       Conj           #.........   100%        7    #######
 Ring of Flames           Chrm/Fire      #.........   100%        7    #######
 Spellforged Servitor     Conj/Summ      #.........   100%        7    #######
 Summon Hydra             Summ           #.........   100%        7    #######
 Discord                  Hex            #.........   100%        8    #######
 Shatter                  Erth           #.........   100%        9    #######
 Tornado                  Air            #.........   100%        9    #######
 Beastly Appendage        Tmut           Unusable     N/A         1    N/A
 Sublimation of Blood     Necr           Unusable     N/A         2    N/A
 Spider Form              Tmut/Pois      Unusable     N/A         3    N/A
 Ice Form                 Ice/Tmut       Unusable     N/A         4    N/A
 Blade Hands              Tmut           Unusable     N/A         5    N/A
 Hydra Form               Tmut           Unusable     N/A         6    N/A
 Statue Form              Tmut/Erth      Unusable     N/A         6    N/A
 Dragon Form              Tmut           Unusable     N/A         7    N/A

Dungeon Overview and Level Annotations

Branches:
Dungeon (15/15)            Temple (1/1) D:5            Lair (6/6) D:11
 Shoals (4/4) Lair:2       Spider (4/4) Lair:2        Slime (0/5) Lair:6
    Orc (2/2) D:9             Elf (3/3) Orc:2        Vaults (5/5) D:14
  Crypt (0/3) Vaults:3     Depths (5/5) D:15            Zot (5/5) Depths:5
Ossuary (visited)          Bailey (visited)           IceCv (visited)

Altars:
Ashenzari
Cheibriados
Dithmenos
Elyvilon
Fedhas
Gozag
Hepliaklqana
Kikubaaqudgha
Nemelex Xobeh
Okawaru
Qazlal
Sif Muna
Trog
Vehumet
Wu Jian
Xom
Yredelemnul
The Shining One
Beogh

Shops:
D:5 *   D:6 ?   D:9 !   Orc:2 ([?*=   Elf:3 =   Shoals:3 (   Shoals:4 =
Vaults:1 (   Vaults:5 %   Depths:1 :

Portals:
Hell: Depths:1 Depths:2 Depths:3 Depths:4 Depths:5
Abyss: Depths:2 Depths:4 Depths:5
Pandemonium: Depths:3

Annotations:
D:12 1 runed translucent door, Vumeko Hunn's ghost, journeyman MfSu
Shoals:1 exclusion: 2 oklob plants
Vaults:3 1 runed translucent door, Owio's ghost, adept MiGl
Depths:2 3 runed translucent doors


Innate Abilities, Weirdness & Mutations

Your body is rotting away.
You thrive on raw meat.
You are immune to poison.
You have sharp fingernails.
You are carnivorous and can eat meat at any time.
Your flesh is cold resistant. (rC+)
You are immune to negative energy. (rN+++)
You do not regenerate when monsters are visible.
You are immune to unholy pain and torment.
You can survive without breathing.


Message History

Your surroundings suddenly seem different.
A white draconian comes into view. It is wielding a +0 war axe.
The electric golem blinks!
The golden dragon moves out of view.
A red draconian comes into view. It is wielding a +0 war axe.
An Orb Guardian comes into view.
As you read the scroll of teleportation, it crumbles to dust.
You feel strangely unstable.
You feel the Orb delaying your translocation!
The yellow draconian throws acid at you.
The glob of acid hits you but does no damage.
The acid corrodes you!
You are splashed with acid!
* * * LOW HITPOINT WARNING * * *
An Orb Guardian comes into view.
The electric golem fails to trigger a net trap.
The Orb Guardian drops a net on you. A large net falls onto you!
You become entangled in the net!
You struggle against the net.
The electric golem hurls lightning at you.
The bolt of lightning hits you. You resist.
You die...

,,,,,,,,,,,* *,,,,,,,,,,,,,,,,,,
,,,,,,,,,,,** *,,,,,^,,,,,,,,,,,,
,,,^,,,,,,,,***,,^,,,,,,,,,,,,,,,
**********,,,***,^,,,,,,,,,,,,,,,
**,,,,**,,,,,,,,,,,,,,,,
***,,,,,,,,,,,,,,,,,,,*
*****▓▓▓▓▓▓▓**,,,,,**
▓▓▓▓.......,,,,,,,,*
**▓..@...X.*.,,,,,,,,,
*#........p............ *********
#............p.........
*,,,,,,,**▓...8..................
,,,,,,,^,*▓.y.d........d..D......
,,,,,,,,,,▓X.........d...........
^,,,,,,,,X.............d........▓
,^,,,,,,,.▓.........L.D...d......
,,,,,,,,^**,,,,,,,,,.......ddX...


You could see an orb of fire, 2 Killer Klowns, an electric golem, a shadow
dragon, an ancient lich, a yellow draconian, a red draconian, 2 draconians, 3
Orb Guardians and a moth of wrath.

Vanquished Creatures
  2 ancient liches (Vaults:5)
  An orb of fire (Zot:4)
  Mara (Depths:4)
  A juggernaut (Depths:5)
  Sojobo (Vaults:4)
  Boris (twice) (Vaults:2 Depths:3)
  Margery (Vaults:4)
  A Killer Klown (Zot:4)
  8 caustic shrikes
  8 golden dragons
  Jory (Depths:3)
  A bone dragon (Zot:4)
  7 liches
  Arachne (Spider:2)
  A Tzitzimitl (Depths:3)
  2 electric golems (Zot:1)
  20 tentacled monstrosities
  Jorgrun (Orc:1)
  2 deep elf blademasters
  2 deep elf master archers (Elf:3)
  Asterion (Vaults:1)
  7 quicksilver dragons
  2 tentacled starspawn (Abyss:3)
  7 titans
  5 sphinxes
  Polyphemus (Shoals:3)
  5 death cobs
  Agnes (Spider:2)
  Kirke (Shoals:1)
  Gastronok (Lair:3)
  6 draconian monks
  Roxanne (Shoals:1)
  6 tengu reavers
  16 shadow dragons
  11 storm dragons
  Donald (Vaults:4)
  The ghost of Ocaew the Fighter, a journeyman HONe of Trog (D:14)
  11 fire giants
  An orc warlord (Vaults:4)
  8 frost giants
  4 iron dragons
  6 ghost moths
  12 vault wardens
  7 deep elf sorcerers
  7 draconian scorchers (Zot:4)
  7 draconian shifters
  Louise (Shoals:2)
  3 emperor scorpions
  3 draconian knights
  4 draconian stormcallers
  2 juggernaut zombies (Depths:3)
  A caustic shrike zombie (Depths:4)
  11 deep elf elementalists
  7 reapers (Depths:3)
  20 stone giants
  A war gargoyle (Vaults:5)
  7 draconian annihilators
  3 caustic shrike skeletons (Depths:3)
  16 very ugly things
  16 ironheart preservers
  3 spriggan defenders (Depths:5)
  4 entropy weavers
  3 deep elf demonologists
  9 deep elf annihilators
  4 vampire knights
  6 green draconians
  9 black draconians
  A dire elephant (Lair:6)
  4 red draconians
  9 white draconians
  7 yellow draconians
  11 purple draconians
  7 spark wasps
  19 ettins
  3 merfolk javelineers
  A crystal guardian (Vaults:4)
  12 fire dragons
  Snorg (D:11)
  2 jiangshi (Depths:3)
  7 merfolk impalers
  14 deep elf death magi
  26 yaktaur captains
  6 deep elf high priests
  26 vault guards
  9 great orbs of eyes
  8 hydras
  15 rakshasas
  Fannar (D:11)
  A caustic shrike simulacrum (Depths:3)
  Erolcha (D:11)
  24 ice dragons
  7 spriggan air magi
  2 catoblepae
  46 two-headed ogres
  5 merfolk avatars
  7 merfolk aquamancers
  5 death knights
  5 centaur warriors
  A satyr (Shoals:2)
  27 dancing weapons
  16 ogre magi
  2 alligator snapping turtles (Shoals:4)
  11 tengu warriors
  8 deep troll shamans
  15 deep troll earth magi
  7 death yaks
  2 vampire magi
  Urug (Lair:3)
  An orc high priest (Elf:2)
  A shock serpent (shapeshifter) (Depths:2)
  A thrashing horror (Abyss:3)
  6 spriggan berserkers
  Nergalle (Orc:1)
  Sonja (Lair:4)
  26 deep elf knights
  A titan skeleton (Vaults:5)
  2 iron trolls (Depths:2)
  A storm dragon zombie (Depths:3)
  2 shadow wraiths
  3 wretched stars (Abyss:3)
  A sixfirhy (Abyss:3)
  9 skeletal warriors
  4 flayed ghosts
  A spatial maelstrom (Abyss:3)
  3 unseen horrors
  11 hell knights
  6 glowing orange brains
  45 deep trolls
  6 sea snakes
  A storm dragon skeleton (Vaults:5)
  A swamp dragon (Zot:4)
  15 ironbrand convokers
  10 wizards
  17 orc knights
  A tengu zombie (Depths:3)
  A shadow dragon zombie (Depths:3)
  36 deep elf archers
  14 necromancers
  4 phantasmal warriors
  24 harpies
  6 fauns
  67 deep elf magi
  2 mana vipers (shapeshifter)
  2 sphinx zombies (Depths:3)
  A frost giant zombie (D:15)
  A golden dragon skeleton (Depths:3)
  A stone giant zombie (Depths:2)
  3 orc sorcerers
  41 ugly things
  An oklob plant (Shoals:4)
  A shining eye (shapeshifter) (Depths:5)
  2 fire giant zombies
  4 fire giant skeletons
  A sphinx skeleton (Depths:3)
  2 wolf spiders (shapeshifter)
  19 moths of wrath
  18 orb spiders
  10 manticores
  A salamander (shapeshifter) (Depths:1)
  28 wolf spiders
  27 cyclopes
  4 black mambas
  8 water nymphs
  6 merfolk sirens
  17 elephants
  An ice statue (IceCv)
  A gargoyle (D:15)
  2 rust devils
  11 vault sentinels
  4 black mambas (shapeshifter)
  A torpor snail (shapeshifter) (Vaults:4)
  A frost giant skeleton (Depths:3)
  5 spiny frogs
  An orange demon (Abyss:3)
  A smoke demon (Abyss:3)
  2 spriggan skeletons (Depths:2)
  8 torpor snails
  A spriggan zombie (Depths:3)
  A tormentor (Depths:3)
  16 freezing wraiths
  2 kobold demonologists (D:14)
  2 rime drakes (D:11)
  54 yaktaurs
  A rime drake (shapeshifter) (Depths:5)
  4 tengu conjurers
  A yaktaur skeleton (D:15)
  8 komodo dragons
  A guardian mummy (D:15)
  A red devil (Depths:3)
  8 demonic crawlers
  A queen bee (shapeshifter) (Abyss:3)
  An ancient zyme (Abyss:3)
  A golden dragon simulacrum (Depths:3)
  2 elf skeletons
  5 polar bears
  28 merfolk
  A meliai (shapeshifter) (Vaults:5)
  A troll (shapeshifter) (Vaults:1)
  42 jumping spiders
  9 hornets
  Prince Ribbit (D:5)
  11 trolls
  3 wind drakes
  3 meliai (D:15)
  Grinder (D:6)
  6 dream sheep
  9 blink frogs (Lair:5)
  An ettin zombie (Vaults:5)
  A fire giant simulacrum (Vaults:2)
  17 slime creatures
  4 raiju (Abyss:3)
  2 sphinx simulacra
  8 hippogriffs
  An iron dragon simulacrum (Depths:3)
  A snapping turtle (shapeshifter) (Depths:5)
  A frost giant simulacrum (Depths:4)
  10 snapping turtles
  An ice dragon zombie (D:15)
  25 tarantellas
  An air elemental (Elf:1)
  87 redbacks
  7 wraiths
  17 water elementals
  2 ynoxinuls
  2 wyverns
  2 shadows
  Sigmund (D:2)
  3 vampires
  4 fire elementals
  35 yaks
  17 humans (D:14)
  A golden eye (shapeshifter) (Vaults:2)
  3 hogs (Shoals:1)
  2 hogs (shapeshifter) (Vaults:4)
  A golden eye (Abyss:3)
  2 basilisks
  3 hungry ghosts
  2 neqoxecs
  A chaos spawn (Abyss:3)
  Menkaure (D:5)
  A death yak simulacrum (IceCv)
  A soldier ant (D:14)
  A spatial vortex (Abyss:3)
  4 wargs
  Duvessa (D:5)
  4 acid dragons
  A monstrous demonspawn skeleton (Abyss:3)
  11 porcupines
  14 water moccasins
  A hell hound (Abyss:3)
  55 orc warriors
  13 ice beasts
  2 black bears
  4 phantoms
  An ettin simulacrum (Vaults:5)
  An eye of draining (D:13)
  6 sky beasts
  An eye of draining (shapeshifter) (Depths:4)
  44 ogres
  17 boggarts
  11 centaurs
  15 wolves
  18 crocodiles
  3 elf simulacra
  7 big kobolds
  3 elf zombies (Ossuary)
  2 earth elementals (Elf:1)
  Dowan (D:5)
  18 bullfrogs
  A wyvern zombie (D:9)
  A human simulacrum (Depths:3)
  A water moccasin zombie (D:11)
  3 scorpions
  A water moccasin skeleton (D:7)
  9 wights
  3 killer bees (D:11)
  A swamp dragon simulacrum (IceCv)
  5 howler monkeys
  3 electric eels
  8 crimson imps
  3 bullfrog zombies
  3 small abominations (Abyss:3)
  23 starcursed masses
  5 hounds
  3 human zombies
  16 jellies
  6 centaur zombies
  6 draconian simulacra (IceCv)
  20 orc priests
  28 orc wizards
  Jessica (D:2)
  7 centaur skeletons
  7 iguanas
  2 bullfrog skeletons
  4 spriggan simulacra
  2 polar bear simulacra (IceCv)
  12 worker ants
  5 hell rats (Lair:6)
  4 troll simulacra (IceCv)
  A killer bee zombie (D:8)
  2 centaur simulacra
  A big kobold zombie (Ossuary)
  A hound zombie (D:8)
  2 hound skeletons
  2 mummies (Ossuary)
  A worker ant zombie (D:5)
  2 howler monkey zombies
  Robin (D:2)
  7 gnolls
  4 ogre simulacra (IceCv)
  16 adders
  2 naga simulacra (IceCv)
  5 shadow imps
  12 white imps (IceCv)
  An ufetubus (Abyss:3)
  4 oozes
  2 adder skeletons
  4 worms
  4 dart slugs
  3 leopard geckos
  99 orcs
  2 ball pythons
  A bat zombie (D:1)
  5 giant cockroaches
  28 goblins
  18 hobgoblins
  15 jackals
  4 quokkas
  8 bats
  A frilled lizard (D:4)
  A goblin zombie (Ossuary)
  4 hobgoblin zombies (Ossuary)
  2 jackal zombies
  30 kobolds
  9 kobold zombies (Ossuary)
  A leopard gecko zombie (D:5)
  12 orc zombies (Ossuary)
  A quokka zombie (D:5)
  7 rats
  2 rat zombies (Ossuary)
  2 crawling corpses (Elf:1)
  A lurking horror (Abyss:3)
2557 creatures vanquished.

Vanquished Creatures (collateral kills)
  2 slime creatures (D:14)
  A centaur (D:14)
3 creatures vanquished.

Vanquished Creatures (others)
  A fire giant (Depths:2)
  A great orb of eyes (Vaults:2)
  A deep elf knight (Elf:3)
  A deep elf archer (Elf:2)
  A wolf spider (Spider:2)
  A rime drake (Zot:4)
  A jumping spider (Spider:4)
  A merfolk (Shoals:4)
  A tarantella (Spider:4)
  An orc (D:12)
  A kobold (D:14)
  4 bushes (Lair:6)
  9 fungi
  A lurking horror (Abyss:3)
  6 plants
  2 starspawn tentacles (Abyss:3)
  7 withered plants
40 creatures vanquished.

Grand Total: 2600 creatures vanquished

Notes
Turn   | Place    | Note
-------+----------+-------------------------------------------
     0 | D:1      | Nagy the Ghoul Monk began the quest for the Orb.
     0 | D:1      | Reached XP level 1. HP: 19/19 MP: 0/0
   327 | D:1      | Reached XP level 2. HP: 26/26 MP: 1/1
   837 | D:2      | Noticed Jessica
   848 | D:2      | Killed Jessica
   848 | D:2      | Reached skill level 4 in Unarmed Combat
   848 | D:2      | Reached XP level 3. HP: 32/33 MP: 2/2
   868 | D:2      | Reached XP level 4. HP: 39/40 MP: 3/3
   880 | D:2      | Noticed Sigmund
   934 | D:2      | Killed Sigmund
   934 | D:2      | Reached skill level 1 in Armour
   934 | D:2      | Reached skill level 5 in Unarmed Combat
   934 | D:2      | Reached XP level 5. HP: 5/46 MP: 4/4
  1052 | D:2      | Reached XP level 6. HP: 52/52 MP: 5/5
  1265 | D:2      | Noticed Robin
  1272 | D:2      | Killed Robin
  1401 | D:2      | Found a stormy altar of Qazlal.
  1611 | D:3      | Reached skill level 6 in Unarmed Combat
  1982 | D:3      | Reached XP level 7. HP: 47/59 MP: 6/6
  2341 | D:4      | Found a blossoming altar of Fedhas.
  2816 | D:4      | Found a bloodstained altar of Trog.
  2893 | D:4      | Reached skill level 7 in Unarmed Combat
  3246 | D:5      | Entered Level 5 of the Dungeon
  3273 | D:5      | Found a staircase to the Ecumenical Temple.
  3281 | Temple   | Entered the Ecumenical Temple
  3287 | Temple   | Became a worshipper of Warmaster Okawaru
  3287 | Temple   | Reached * piety under Okawaru
  3287 | Temple   | Reached ** piety under Okawaru
  3307 | D:5      | Noticed Prince Ribbit
  3467 | D:5      | Killed Prince Ribbit
  3512 | D:5      | Reached skill level 8 in Unarmed Combat
  3512 | D:5      | Reached XP level 8. HP: 41/67 MP: 7/7
  3648 | D:5      | Reached *** piety under Okawaru
  3648 | D:5      | Reached skill level 5 in Fighting
  3721 | D:5      | Reached skill level 9 in Unarmed Combat
  3771 | D:5      | Noticed Menkaure
  3815 | D:5      | Killed Menkaure
  3815 | D:5      | Reached skill level 1 in Invocations
  3961 | D:5      | Found Gozag's Platinum Reserve.
  3964 | D:5      | Found an opulent altar of Gozag.
  4057 | D:5      | Reached skill level 10 in Unarmed Combat
  4057 | D:5      | Reached XP level 9. HP: 74/74 MP: 8/8
  4224 | D:5      | Noticed Duvessa
  4226 | D:5      | Noticed Dowan
  4238 | D:5      | Killed Duvessa
  4248 | D:5      | Killed Dowan
  4740 | D:6      | Found Akodyeng's Magic Scroll Shoppe.
  4748 | D:6      | Bought a scroll of blinking for 90 gold pieces
  4883 | D:6      | Noticed Grinder
  4891 | D:6      | Paralysed by Grinder for 4 turns
  4896 | D:6      | Killed Grinder
  4896 | D:6      | Reached **** piety under Okawaru
  5249 | D:6      | Reached skill level 11 in Unarmed Combat
  5818 | D:7      | Reached skill level 5 in Armour
  5838 | D:7      | Reached skill level 12 in Unarmed Combat
  5884 | D:7      | Reached ***** piety under Okawaru
  5884 | D:7      | Reached XP level 10. HP: 83/83 MP: 10/10
  6339 | D:8      | Found a stormy altar of Qazlal.
  6511 | D:8      | Reached skill level 13 in Unarmed Combat
  6908 | D:8      | Found a sand-covered staircase.
  6914 | Ossuary  | Entered an ossuary
  7236 | D:8      | Found a shattered altar of Ashenzari.
  7276 | D:8      | Reached skill level 14 in Unarmed Combat
  7397 | D:8      | Got a jewelled great sword
  7398 | D:8      | Identified the +8 great sword of the Equinox {chaos,
                  | Fragile rC+ Dex+6} (You found it on level 8 of the Dungeon)
  7799 | D:9      | Received a gift from Okawaru
  7807 | D:9      | Killed an unseen horror
  7807 | D:9      | Reached XP level 11. HP: 56/91 MP: 11/11
  7930 | D:8      | Found a snail-covered altar of Cheibriados.
  7930 | D:8      | Found a glowing golden altar of the Shining One.
  8064 | D:9      | Found a staircase to the Orcish Mines.
  8136 | D:9      | Found Ciboj's Distillery.
  8141 | D:9      | Bought a potion of might for 52 gold pieces
  8439 | D:10     | Entered Level 10 of the Dungeon
  8545 | D:10     | Reached ****** piety under Okawaru
  8564 | D:10     | Reached skill level 15 in Unarmed Combat
  8742 | D:10     | Killed an unseen horror
  8763 | D:10     | Received a gift from Okawaru
  8769 | D:10     | Got a translucent longbow {god gift}
  9088 | D:11     | Noticed a two-headed ogre
  9099 | D:11     | Killed a two-headed ogre
  9147 | D:11     | Found a frozen archway.
  9398 | IceCv    | Entered an ice cave
  9417 | IceCv    | Reached skill level 16 in Unarmed Combat
  9598 | IceCv    | Received a gift from Okawaru
  9612 | IceCv    | Reached XP level 12. HP: 33/101 MP: 12/12
  9615 | IceCv    | Got a pair of bloodstained boots {god gift}
  9625 | IceCv    | Identified the +1 pair of boots of the Lute {Str+3}
                  | (Okawaru gifted it to you in an ice cave)
  9941 | IceCv    | Found an ancient bone altar of Kikubaaqudgha.
 10136 | IceCv    | Reached skill level 17 in Unarmed Combat
 10379 | D:11     | Noticed a two-headed ogre
 10387 | D:11     | Killed a two-headed ogre
 10543 | D:11     | Noticed Snorg
 10561 | D:11     | Killed Snorg
 10678 | D:11     | Noticed Erolcha
 10686 | D:11     | Killed Erolcha
 10746 | D:11     | Found a staircase to the Lair.
 10957 | D:11     | Noticed Fannar
 10993 | D:11     | Killed Fannar
 11409 | Lair:1   | Entered Level 1 of the Lair of Beasts
 11486 | Lair:1   | Reached skill level 18 in Unarmed Combat
 11574 | Lair:1   | Received a gift from Okawaru
 11591 | Lair:1   | Got a crystal great sword {god gift}
 11631 | Lair:1   | Identified the +7 great sword of Misery {distort, Str+4
                  | Int+2 Dex+4} (Okawaru gifted it to you on level 1 of the
                  | Lair of Beasts)
 11634 | Lair:1   | Identified the +2 longbow of a bazaar {freeze, Int+4}
                  | (Okawaru gifted it to you on level 10 of the Dungeon)
 11709 | Lair:1   | Reached XP level 13. HP: 108/108 MP: 13/13
 11724 | Lair:1   | You fall into a shaft and drop 1 floor!
 11724 | Lair:2   | Found a hole to the Spider Nest.
 11730 | Lair:2   | Found a staircase to the Shoals.
 12977 | Lair:3   | Noticed Gastronok
 12980 | Lair:3   | Reached skill level 19 in Unarmed Combat
 13011 | Lair:3   | Killed Gastronok
 13054 | Lair:3   | Noticed Urug
 13069 | Lair:3   | Killed Urug
 13609 | Lair:4   | Received a gift from Okawaru
 13734 | Lair:4   | Found a gate leading to a gauntlet.
 13734 | Lair:4   | Noticed Sonja
 13751 | Lair:4   | Killed Sonja
 14749 | Lair:5   | Found a snail-covered altar of Cheibriados.
 14998 | Lair:5   | Reached skill level 20 in Unarmed Combat
 15093 | Lair:5   | Reached XP level 14. HP: 87/118 MP: 14/14
 15271 | Lair:5   | Received a gift from Okawaru
 15674 | Lair:6   | Entered Level 6 of the Lair of Beasts
 15674 | Lair:6   | Found a blossoming altar of Fedhas.
 16141 | Lair:6   | Found a staircase to the Slime Pits.
 16182 | Lair:6   | Reached skill level 10 in Fighting
 16257 | Lair:6   | Reached skill level 21 in Unarmed Combat
 16348 | Lair:6   | Got an ominously black robe
 16359 | Lair:6   | Identified the +1 robe of Hokliqiroce {MR+ Int+4 Slay+3}
                  | (You found it on level 6 of the Lair of Beasts)
 16554 | Lair:6   | Noticed a dire elephant
 16572 | Lair:6   | Killed a dire elephant
 16572 | Lair:6   | Received a gift from Okawaru
 16575 | Lair:6   | Got a faintly humming cloak {god gift}
 16633 | Lair:6   | Identified the +2 cloak of Beauty {Dex+6} (Okawaru gifted
                  | it to you on level 6 of the Lair of Beasts)
 17318 | D:12     | Found a flagged portal.
 17340 | Bailey   | Entered a bailey
 17402 | Bailey   | Found an iron altar of Okawaru.
 17403 | Bailey   | Found the +8 demon blade "Leech" {vamp, rN+ AC-3 EV-3}
 17410 | Bailey   | Paralysed by an orc sorcerer for 2 turns
 17819 | Bailey   | Reached XP level 15. HP: 127/127 MP: 16/16
 18037 | D:12     | Reached skill level 22 in Unarmed Combat
 18184 | D:12     | Found a runed translucent door.
 18186 | D:12     | Noticed Vumeko Hunn's ghost (journeyman MfSu)
 19209 | Orc:1    | Entered Level 1 of the Orcish Mines
 19285 | Orc:1    | Found a roughly hewn altar of Beogh.
 19531 | Orc:1    | Noticed Jorgrun
 19548 | Orc:1    | Killed Jorgrun
 19592 | Orc:1    | Noticed Nergalle
 19605 | Orc:1    | Killed Nergalle
 19775 | Orc:1    | Found a bloodstained altar of Trog.
 19909 | Orc:2    | Entered Level 2 of the Orcish Mines
 19920 | Orc:2    | Found Ceicas's Magic Scroll Boutique.
 19954 | Orc:2    | Found a staircase to the Elven Halls.
 19996 | Orc:2    | Received a gift from Okawaru
 20158 | Orc:2    | Found Vodiogg's Antique Armour Shoppe.
 20411 | Orc:2    | Found Oquotigo's Antique Weapon Shoppe.
 20581 | Orc:2    | Found Feikhul's General Store.
 20589 | Orc:2    | Bought a scroll of enchant armour for 135 gold pieces
 20589 | Orc:2    | Bought a scroll of blinking for 135 gold pieces
 20600 | Orc:2    | Identified a +1 pair of boots of running (Okawaru gifted it
                  | to you on level 2 of the Orcish Mines)
 20654 | Orc:2    | Found Tyetoig's Jewellery Shop.
 20768 | Orc:2    | Found a shimmering blue altar of Sif Muna.
 20828 | Orc:2    | Identified Sif Muna's Reference Book on Malediction
 21516 | D:13     | Reached skill level 23 in Unarmed Combat
 22097 | D:14     | Found a runed translucent gate.
 22097 | D:14     | Found a runed translucent gate.
 22097 | D:14     | Found a runed translucent gate.
 22103 | D:14     | Noticed Ocaew's ghost (journeyman HONe)
 22135 | D:14     | Killed Ocaew's ghost
 22241 | D:14     | Reached XP level 16. HP: 121/137 MP: 17/17
 22348 | D:14     | Found a gate to the Vaults.
 22356 | D:14     | Received a gift from Okawaru
 22509 | D:14     | Found a shattered altar of Ashenzari.
 22561 | D:14     | Got a bound golden ring
 22563 | D:14     | Identified the ring of Rounirom {*Slow +Fly rElec Str-2
                  | Slay+5} (You acquired it on level 14 of the Dungeon)
 22816 | D:15     | Entered Level 15 of the Dungeon
 22930 | D:15     | Found a staircase to the Depths.
 22994 | D:15     | Received a gift from Okawaru
 23047 | D:15     | Reached skill level 24 in Unarmed Combat
 23232 | D:15     | Received a gift from Okawaru
 23726 | Spider:1 | Entered Level 1 of the Spider Nest
 24591 | Spider:1 | Received a gift from Okawaru
 24591 | Spider:1 | Reached XP level 17. HP: 126/144 MP: 18/18
 24594 | Spider:1 | Got a sapphire-encrusted crystal plate armour {god gift}
 24605 | Spider:1 | Identified the +1 crystal plate armour of Yceho Wao {rElec
                  | Dex+2} (Okawaru gifted it to you on level 1 of the Spider
                  | Nest)
 24689 | Spider:2 | Noticed Arachne
 24704 | Spider:2 | Killed Arachne
 24772 | Spider:2 | Noticed Agnes
 24782 | Spider:2 | Killed Agnes
 24786 | Spider:2 | Reached skill level 10 in Armour
 25031 | Spider:2 | Reached skill level 25 in Unarmed Combat
 26390 | Spider:4 | Entered Level 4 of the Spider Nest
 26593 | Spider:4 | Got a slimy granite ring
 26595 | Spider:4 | Identified the ring "Fapt" {MP+9 Str-3 Dex+6} (You found it
                  | on level 4 of the Spider Nest)
 26808 | Spider:4 | Received a gift from Okawaru
 27123 | Spider:4 | Reached skill level 26 in Unarmed Combat
 27191 | Spider:4 | Reached XP level 18. HP: 143/156 MP: 13/20
 27368 | Spider:4 | Got a gossamer rune of Zot
 27713 | Shoals:1 | Entered Level 1 of the Shoals
 27823 | Shoals:1 | Identified Roxanne's Almanac of Transmigration
 27823 | Shoals:1 | Noticed Roxanne
 27881 | Shoals:1 | Killed Roxanne
 27963 | Shoals:1 | Received a gift from Okawaru
 27975 | Shoals:1 | Got a fine battleaxe {god gift}
 27976 | Shoals:1 | Identified the +9 battleaxe "Roill" {venom, +Fly Str+5
                  | Dex+4} (Okawaru gifted it to you on level 1 of the Shoals)
 28219 | Shoals:1 | Noticed Kirke
 28238 | Shoals:1 | Killed Kirke
 28547 | Shoals:2 | Noticed Louise
 28559 | Shoals:2 | Killed Louise
 28738 | Shoals:2 | Received a gift from Okawaru
 29466 | Shoals:3 | Reached skill level 27 in Unarmed Combat
 29634 | Shoals:3 | Noticed Polyphemus
 29649 | Shoals:3 | Killed Polyphemus
 29669 | Shoals:3 | Reached skill level 5 in Invocations
 29862 | Shoals:3 | Found Eddyixt's Antique Weapon Shop.
 30147 | Shoals:4 | Entered Level 4 of the Shoals
 30383 | Shoals:4 | Reached XP level 19. HP: 166/166 MP: 21/21
 31008 | Shoals:4 | Got a barnacled rune of Zot
 31049 | Shoals:4 | Found a white marble altar of Elyvilon.
 31552 | Shoals:4 | Received a gift from Okawaru
 31770 | Shoals:4 | Reached skill level 5 in Dodging
 31967 | Shoals:4 | Found Ahexuek's Jewellery Shop.
 32248 | Elf:1    | Entered Level 1 of the Elven Halls
 32484 | Elf:1    | Found a runed translucent gate.
 32484 | Elf:1    | Found a runed translucent gate.
 32484 | Elf:1    | Found a runed translucent gate.
 32484 | Elf:1    | Found a runed translucent gate.
 32484 | Elf:1    | Found a runed translucent gate.
 32486 | Elf:1    | Found a runed translucent gate.
 33625 | Elf:2    | Found a runed translucent gate.
 33627 | Elf:2    | Found a runed translucent gate.
 33628 | Elf:2    | Found a runed translucent gate.
 33631 | Elf:2    | Reached XP level 20. HP: 174/176 MP: 24/24
 33648 | Elf:2    | Received a gift from Okawaru
 33656 | Elf:2    | Got an encrusted great sword {god gift}
 34236 | Elf:2    | Reached skill level 1 in Evocations
 34848 | Elf:3    | Entered Level 3 of the Elven Halls
 35256 | Elf:3    | Found Gigoshro's Jewellery Boutique.
 35328 | Elf:2    | Identified the +4 great sword "Zipneiq" {pain, Str+3}
                  | (Okawaru gifted it to you on level 2 of the Elven Halls)
 36022 | Elf:3    | Received a gift from Okawaru
 36058 | Elf:3    | Got a translucent triple crossbow {god gift}
 36059 | Elf:3    | Identified the +2 triple crossbow of Liberalism {velocity,
                  | +Fly Str+3} (Okawaru gifted it to you on level 3 of the
                  | Elven Halls)
 36107 | Elf:3    | Reached skill level 15 in Armour
 36466 | Elf:3    | Identified the +2 robe of Yqix Kymo {MR+}
 36466 | Elf:3    | Identified the ring "Diezout" {rElec rF+ rN+++ Str-4
                  | Slay+4}
 36712 | Elf:3    | Identified the cursed +0 robe of Ruzaip {rPois Dex+2}
 36716 | Elf:3    | Reached skill level 15 in Fighting
 36720 | Elf:3    | Received a gift from Okawaru
 36733 | Elf:3    | Reached XP level 21. HP: 105/184 MP: 25/27
 37086 | Elf:3    | Identified the Reference Book on Scorching Confrontation
 37193 | Elf:3    | Got an encrusted triple crossbow {god gift}
 37194 | Elf:3    | Identified the +10 triple crossbow of the Thoughtful Orbs
                  | {freeze, Dex+7} (Okawaru gifted it to you on level 3 of the
                  | Elven Halls)
 37758 | Vaults:1 | Entered Level 1 of the Vaults
 37764 | Vaults:1 | Upgraded the game from 0.25-a0-356-g7c9d860b3b to
                  | 0.25-a0-362-g90ccd6aac3
 37860 | Vaults:1 | Reached skill level 10 in Invocations
 38321 | Vaults:1 | Noticed Asterion
 38333 | Vaults:1 | Killed Asterion
 38333 | Vaults:1 | Received a gift from Okawaru
 38473 | Vaults:1 | Got a translucent scale mail
 38484 | Vaults:1 | Identified the +0 scale mail of the Sky {*Drain rPois rN+}
                  | (You found it on level 1 of the Vaults)
 38708 | Vaults:1 | Found Zuteakasch's Weapon Boutique.
 39953 | Vaults:2 | Noticed Boris
 39962 | Vaults:2 | Killed Boris
 40071 | Vaults:2 | You fall into a shaft and drop 2 floors!
 40077 | Vaults:4 | Noticed Donald
 40090 | Vaults:4 | Killed Donald
 40112 | Vaults:4 | Reached XP level 22. HP: 94/193 MP: 24/29
 40230 | Vaults:3 | Received a gift from Okawaru
 41190 | Vaults:2 | Got a slimy lapis lazuli ring
 41374 | D:14     | Identified the ring "Wudenleh" {rElec rC- rN+ Int+2} (You
                  | found it on level 2 of the Vaults)
 42154 | Vaults:3 | Received a gift from Okawaru
 42235 | Vaults:3 | Found a staircase to the Crypt.
 42387 | Vaults:3 | Found a runed translucent door.
 42387 | Vaults:3 | Noticed Owio's ghost (adept MiGl)
 42388 | Vaults:3 | Found the ring of the Octopus King
 43383 | Vaults:4 | Noticed Sojobo
 43391 | Vaults:4 | Killed Sojobo
 43391 | Vaults:4 | Received a gift from Okawaru
 43473 | Vaults:4 | Reached XP level 23. HP: 101/202 MP: 32/32
 43553 | Vaults:4 | Got an ichor-stained helmet
 43554 | Vaults:4 | Identified the +1 helmet of Lilacs {Regen+ Int+7 Dex+4}
                  | (You found it on level 4 of the Vaults)
 43812 | Vaults:4 | Noticed Margery
 43825 | Vaults:4 | Killed Margery
 44324 | Vaults:4 | Received a gift from Okawaru
 44909 | Depths:1 | Entered Level 1 of the Depths
 45206 | Depths:1 | Paralysed by a great orb of eyes for 6 turns
 45398 | Depths:1 | Found a gateway to Hell.
 45437 | Depths:1 | Found Soaxzauss's One-of-a-Kind Books.
 45810 | Depths:1 | Found a shimmering altar of Xom.
 46109 | Depths:2 | Found a one-way gate to the infinite horrors of the Abyss.
 46283 | Depths:2 | Identified the Papyrus of Icy Execration
 46463 | Depths:2 | Received a gift from Okawaru
 46486 | Depths:2 | Reached skill level 15 in Invocations
 46680 | Depths:2 | Found a runed translucent gate.
 46680 | Depths:2 | Found a runed translucent gate.
 46681 | Depths:2 | Found a runed translucent gate.
 46760 | Depths:2 | Reached skill level 1 in Throwing
 46760 | Depths:2 | Reached XP level 24. HP: 212/212 MP: 33/33
 46864 | Depths:2 | Noticed a caustic shrike
 46899 | Depths:2 | Killed a caustic shrike
 46907 | Depths:2 | Killed a ghostly caustic shrike
 46912 | Depths:2 | Reached XP level 25. HP: 71/220 MP: 29/33
 47769 | Depths:2 | Found the +8 storm bow {elec, penet}
 47773 | Depths:2 | Identified the Reference Book on Slavery
 47947 | Depths:2 | Reached skill level 10 in Dodging
 48331 | Depths:2 | Got a crystal mace
 48332 | Depths:2 | Identified the +5 mace "Grim Tooth" {crush, +Blink rPois
                  | Str-3 Int+8} (You found it on level 2 of the Depths)
 48912 | Depths:3 | Noticed Jory
 48925 | Depths:3 | Killed Jory
 49304 | Depths:3 | Found a sparkling altar of Nemelex Xobeh.
 49402 | Depths:3 | Found an ancient bone altar of Kikubaaqudgha.
 49595 | Depths:3 | Received a gift from Okawaru
 49737 | Depths:3 | Got a wavering steel amulet
 49742 | Depths:3 | Identified the amulet "Hichuesh" {Inacc Int+2} (You found
                  | it on level 3 of the Depths)
 50000 | Depths:3 | Found a one-way gate leading to the halls of Pandemonium.
 50116 | Depths:4 | Noticed Boris
 50139 | Depths:3 | Killed Boris
 50333 | Depths:4 | Noticed Mara
 50347 | Depths:4 | Reached XP level 26. HP: 148/229 MP: 34/34
 50368 | Depths:4 | Killed Mara
 51901 | Depths:2 | Received a gift from Okawaru
 52321 | Depths:5 | Entered Level 5 of the Depths
 52433 | Depths:5 | Found a stormy altar of Qazlal.
 52434 | Depths:5 | Found a sparkling altar of Nemelex Xobeh.
 52434 | Depths:5 | Found a shadowy altar of Dithmenos.
 52584 | Depths:5 | Noticed a juggernaut
 52592 | Depths:5 | Killed a juggernaut
 53069 | Depths:5 | Reached XP level 27. HP: 225/240 MP: 34/35
 53174 | Depths:5 | Received a gift from Okawaru
 53221 | Depths:5 | Identified the Almanac of Confrontation
 53444 | Depths:5 | Found a gateway to a ziggurat.
 53635 | Depths:5 | Found a gate to the Realm of Zot.
 53816 | Zig:1    | Entered Level 1 of a ziggurat
 54280 | Vaults:5 | Entered Level 5 of the Vaults
 54402 | Vaults:4 | Received a gift from Okawaru
 54547 | Vaults:5 | Noticed an ancient lich
 54558 | Vaults:5 | Killed an ancient lich
 55097 | Vaults:5 | Received a gift from Okawaru
 55164 | Vaults:5 | Got a jewelled crystal plate armour {god gift}
 55174 | Vaults:5 | Identified the +7 crystal plate armour of Restlessness
                  | {rN+} (Okawaru gifted it to you on level 5 of the Vaults)
 55260 | Vaults:5 | Cast into level 3 of the Abyss (a lich)
 55260 | Abyss:3  | Found a hazy altar of Hepliaklqana.
 55284 | Abyss:3  | Found a corrupted altar of Lugonu.
 55332 | Abyss:3  | Found a corrupted altar of Lugonu.
 55843 | Abyss:3  | Paralysed by accursed screaming for 1 turns
 55866 | Abyss:3  | Paralysed by accursed screaming for 1 turns
 55983 | Vaults:5 | Escaped the Abyss
 56085 | Vaults:5 | Got a silver rune of Zot
 56297 | Vaults:5 | Found the +3 salamander hide armour {+Rage rF++}
 56311 | Vaults:5 | Identified the Handbook of the Lucky Rocks
 56321 | Vaults:5 | Found Plog's Food Emporium.
 56328 | Vaults:5 | Identified the Tome of Hexes and Aid
 56387 | Vaults:5 | Got a brightly glowing dagger
 56388 | Vaults:5 | Identified the +2 dagger of Bread {flame, Int+4} (You found
                  | it on level 5 of the Vaults)
 56391 | Vaults:5 | Got a fine morningstar
 56392 | Vaults:5 | Identified the +4 morningstar of the King {venom, rElec
                  | rPois rF- Dex+10} (You found it on level 5 of the Vaults)
 56455 | Vaults:5 | Noticed an ancient lich
 56464 | Vaults:5 | Killed an ancient lich
 56497 | Vaults:5 | Got a spiked helmet
 56503 | Vaults:5 | Identified the +1 helmet of Cheibriados's Delight {MR+
                  | Slay+3} (You found it on level 5 of the Vaults)
 57416 | Zot:1    | Entered Level 1 of the Realm of Zot
 57623 | Zot:1    | Received a gift from Okawaru
 58939 | Zot:2    | Received a gift from Okawaru
 58952 | Zot:2    | Got a smelly chain mail {god gift}
 58990 | Zot:2    | Identified the +3 chain mail of the Evening {*Slow Int+5}
                  | (Okawaru gifted it to you on level 2 of the Realm of Zot)
 60205 | Zot:4    | Noticed an orb of fire
 60218 | Zot:4    | Killed an orb of fire
 60312 | Zot:4    | Received a gift from Okawaru
 61285 | Zot:5    | Entered Level 5 of the Realm of Zot
 61332 | Zot:5    | Noticed an ancient lich
 61333 | Zot:5    | Noticed an orb of fire
 61341 | Zot:5    | Noticed an ancient lich
 61356 | Zot:5    | HP: 12/247 [shadow dragon (1)]
 61359 | Zot:5    | HP: 4/247 [acid (8)]
 61360 | Zot:5    | Killed from afar by an electric golem

Levels and vault maps discovered:
D:1:      saegor_arrival_fortress, layout_loops_cross, minmay_split_cup_large
D:2:      layout_basic, supply_closet_lemuel, nicolae_qazlal_general_emergency,
          uniq_robin, uniq_jessica, uniq_sigmund
D:3:      layout_basic
D:4:      layout_layer_cave, bloody_trog, fedhas_altar_1
D:5:      cheibrodos_barr_body, layout_basic, nicolae_gozag_zags_fifth_avenue,
          minmay_temple_entry_overgrown, first_ration, moated_statue,
          uniq_prince_ribbit1, uniq_menkaure, uniq_duvessa
D:6:      layout_cave_pods, serial_shops, nicolae_shop_statue_plus,
          hangedman_minor_gate_pass, uniq_grinder
D:7:      layout_loops_ring
D:8:      cheibrodos_ideogram_h, layout_loops_ring, marbit_many_paths,
          nicolae_overflow_hidden_temple, nicolae_ossuary_entry_monument
D:9:      layout_roguey, orc_0_dummy, serial_shops, kennysheep_little_box
D:10:     layout_irregular_city
D:11:     layout_basic, erik_lair_dragon, portal_ice_cave_rime, uniq_fannar,
          uniq_snorg, uniq_erolcha
D:12:     minmay_the_grid_plus_closed [minmay_the_grid_gridbox,
          minmay_the_grid_zigzag_pyramid, minmay_the_grid_dragon_b,
          minmay_the_grid_fan, minmay_the_grid_prize_four_corners],
          layout_layer_cave, ebering_ghost_reflecting_pool, enter_bailey_3
D:13:     layout_stronghold
D:14:     layout_cave_pools, grunt_vaults_entry_tiered, ashenzari_altar_1,
          gammafunk_ghost_hydra_chop
D:15:     gammafunk_depths_entry_grave, layout_rooms, due_unseen_surprise
Temple:   eino_temple_rhombus
Lair:1:   layout_cave_pods, hangedman_lair_generics_rect
Lair:2:   layout_big_grid, elwin_shoals_entry_rocks,
          nicolae_spider_entry_tight_spaces, chequers_serial_rivers_room_a,
          grunt_megastairs_3, serial_bayou_shore_b
Lair:3:   layout_regular_city, grunt_megastairs_5, uniq_gastronok, uniq_urug
Lair:4:   layout_layer_cave, gauntlet_entry_generic, cheibrodos_lair_lostbears,
          uniq_sonja
Lair:5:   layout_hall_layers, kennysheep_snail_temple
Lair:6:   grunt_lair_end_beastmaster, layout_regular_city,
          minmay_slime_entry_jelly_boxes, basic_altar, st_stairs_13,
          infiniplex_staircase_pool_2
Shoals:1: layout_shoals, nicolae_shoals_seven_spires,
          nicolae_shoals_this_corrosion, uniq_roxanne, uniq_kirke
Shoals:2: layout_shoals, uniq_louise
Shoals:3: cheibrodos_shoals_roost, layout_shoals, serial_shops,
          nicolae_shop_overgrown_old_shop, st_shoals_ruin, uniq_polyphemus
Shoals:4: shoals_end_simple, layout_shoals, serial_shops,
          nicolae_shop_behind_doors, lemuel_oklob_altar
Spider:1: layout_spider_delve
Spider:2: layout_spider_delve, drop_trap, uniq_arachne, uniq_agnes
Spider:3: layout_spider_delve
Spider:4: grunt_spider_rune_parallel, nicolae_spider_nook
Orc:1:    layout_caves, basic_altar, trog_butcher_becter, uniq_nergalle,
          uniq_jorgrun
Orc:2:    grunt_orc_gardens, layout_caves, grunt_orc_garden, grunt_orc_garden,
          grunt_orc_garden, grunt_orc_garden, serial_shops, nicolae_shop_stone,
          led_sif_book
Elf:1:    layout_loops_cross, orc_legates
Elf:2:    layout_geoelf_octagon, due_unseen_surprise
Elf:3:    minmay_elf_hall_x, layout_geoelf_castle, serial_shops, shop
Vaults:1: dpeg_vaults_monster_row, nicolae_vaults_bisected_inception,
          ontoclasm_vaults_loading_screen, v_misc_18, v_pattern_2,
          hangedman_vaults_unwind, v_misc_33, nicolae_vaults_arrows,
          nicolae_vaults_diagonal_hallway_7, ontoclasm_vaults_ring_small,
          vaults_dpeg_ring, vaults_room_stairs_pillars, layout_vaults_omnicross,
          serial_shops, shop, uniq_asterion
Vaults:2: ontoclasm_vaults_ligature, v_pattern_3,
          nicolae_vaults_know_your_exits, v_misc_2, nicolae_vaults_gold_heap,
          v_rooms_3, ontoclasm_vaults_decontamination, ontoclasm_vaults_fault,
          nicolae_vaults_mini_display_case, nicolae_vaults_twisting_passages,
          grunt_vaults_hallway_long, vaults_mumra_chevron,
          grunt_vaults_diagonal, v_misc_16, vaults_room_fours,
          layout_vaults_ring, uniq_boris
Vaults:3: gammafunk_vaults_ghost_grave, nicolae_vaults_ring_of_whatevers,
          hangedman_vaults_snaps, nicolae_vaults_back_hallway,
          vaults_room_ringed_pool, v_misc_33, v_misc_13,
          vaults_room_hangedman_quadrants, nicolae_vaults_sealed_display,
          vaults_room_stairs_pillars, layout_vaults_chaotic_city
Vaults:4: ontoclasm_vaults_twist, vaults_dpeg_encased_lava,
          vaults_standard_mumra_enter_the_diamond, ontoclasm_vaults_ring_square,
          nicolae_vaults_inception_statues, vaults_dpeg_doors,
          hangedman_vaults_restitches, vaults_room_fours, special_room_vaults
          [special_room_orc], vaults_mumra_hexcomb, vaults_room_pool,
          vaults_standard_mumra_enter_the_diamond, vaults_room_pool,
          layout_vaults_maze_bifur, uniq_donald, uniq_margery, uniq_sojobo
Vaults:5
Depths:1: layout_cave_shapes, hangedman_abyss_or_decor_lesser_grid,
          pf_dread_powers_of_hell, minmay_misc_feat_doors, minmay_fountain_box,
          chequers_jeans, eino_tiny_chamber, nicolae_rare_books,
          hangedman_decor_diamond_cutter, tgw_xom
Depths:2: little_maze_vault, layout_basic, pf_coc_iceberg,
          chequers_serial_rivers_marsh, abyss_entry, pandoras_box_mu,
          firewood_loft
Depths:3: evilmike_negative_zone, layout_cave_shapes,
          nemelex_xobeh_ov_fountains_minmay, rand_demon_pan_entry_1, hell_entry,
          kennysheep_generic_room_8, infiniplex_staircase_squiggle, uniq_jory
Depths:4: minmay_quantized_circle, layout_cave_shapes, hell_entry,
          hangedman_abyss_entry_splay, corexii_hall_statues_s, uniq_mara
Depths:5: hangedman_slaughterboxes, hell_entry, abyss_entry, serial_shops
Zot:1:    layout_gridlike, grunt_megastairs_4
Zot:2:    layout_basic
Zot:3:    layout_gridville, st_stairs_11
Zot:4:    layout_misc_corridors, st_large_dragon_hoard_4
Zot:5:    layout_concentric_octagons, hangedman_zot_diagonal_lockstep

Skill      XL: |  1  2  3  4  5  6  7  8  9 10 11 12 13 14 15 16 17 18 19 20 21 22 23 24 25 26 27 |
---------------+----------------------------------------------------------------------------------+-----
Dodging        | 3 4 5 6 7 8 9 10 11 13 | 13.4
Unarmed Combat | 4 5 6 8 10 12 14 16 18 20 21 23 24 26 27 | 27.0
Fighting       | 4 5 6 7 8 9 10 11 12 13 14 15 16 17 18 20 | 20.3
Armour         | 1 2 3 4 5 6 7 8 9 10 11 13 15 17 18 19 20 21 25 | 25.3
Invocations    | 1 2 3 4 5 7 9 11 13 15 16 18 21 | 21.0
Evocations     | 1 2 |  2.2
Throwing       | 1 |  1.2
Long Blades    | |  0.5
Axes           | |  0.8
Maces & Flails | |  0.6
Polearms       | |  0.8
Crossbows      | |  0.7
Stealth        | |  2.4

Action                   |  1- 3 |  4- 6 |  7- 9 | 10-12 | 13-15 | 16-18 | 19-21 | 22-24 | 25-27 || total
-------------------------+-------+-------+-------+-------+-------+-------+-------+-------+-------++-------
Melee: Unarmed           |    61 |   254 |   438 |   873 |  1154 |  1329 |  1286 |  1052 |  2181 ||  8628
       Punch             |       |     2 |    13 |    34 |    97 |   121 |   144 |   160 |   362 ||   933
       Great sword       |       |       |       |     9 |       |       |       |       |       ||     9
Throw: Javelin           |       |       |       |       |     6 |       |       |       |       ||     6
Invok: Heroism           |       |       |     6 |    11 |    33 |    25 |    35 |    20 |    51 ||   181
       Finesse           |       |       |       |     1 |     2 |     7 |    12 |     6 |    17 ||    45
Evoke: Box of beasts     |       |       |       |       |       |       |     2 |       |       ||     2
       Phial of floods   |       |       |       |       |       |       |     1 |       |       ||     1
       Wand              |       |       |       |       |       |       |     1 |       |       ||     1
  Use: Scroll            |     5 |     3 |    11 |    12 |    17 |    12 |    13 |     9 |    26 ||   108
       Potion            |       |     4 |     2 |     1 |       |     8 |     3 |     7 |    13 ||    38
 Stab: Petrified         |       |       |       |       |     1 |       |       |       |       ||     1
       Invisible         |       |       |       |       |       |       |       |       |    13 ||    13
  Eat: Chunk             |     1 |    34 |    39 |    76 |   202 |   259 |   317 |   303 |   466 ||  1697
       Ration            |       |       |       |     1 |       |       |       |       |     7 ||     8
Armor: Robe              |     7 |       |       |       |       |       |       |       |       ||     7
       Plate armour      |    24 |   145 |   237 |   443 |   468 |   874 |   479 |   392 |   439 ||  3501
       Ring mail         |     1 |       |       |       |       |       |       |       |       ||     1
       Crystal plate arm |       |       |       |       |       |       |       |       |   670 ||   670
Dodge: Dodged            |    33 |   189 |   192 |   536 |   676 |   986 |   632 |   694 |  1491 ||  5429
       Rpst.: Great sword |       |       |       |     5 |       |       |       |       |       ||     5

Table legend:
 A = Non-vault XP
 B = Vault XP
 C = Vault XP percentage of total XP
 D = Non-vault monster count
 E = Vault monster count
 F = Vault count percentage of total count
                 A         B        C        D         E       F
            +---------+---------+-------+---------+---------+-------
      Total |  805055 |  803263 |  49.9 |    1552 |    1009 |  39.4
            +---------+---------+-------+---------+---------+-------
        D:1 |      15 |       8 |  34.8 |       6 |       6 |  50.0
        D:2 |     134 |     273 |  67.1 |      40 |      11 |  21.6
        D:3 |     198 |       0 |   0.0 |      28 |       0 |   0.0
        D:4 |     186 |       0 |   0.0 |      15 |       0 |   0.0
        D:5 |     735 |    1171 |  61.4 |      19 |      12 |  38.7
        D:6 |     436 |     613 |  58.4 |      10 |       7 |  41.2
        D:7 |    1498 |       0 |   0.0 |      33 |       0 |   0.0
        D:8 |    1333 |    1255 |  48.5 |      24 |      23 |  48.9
        D:9 |    2144 |       0 |   0.0 |      20 |       0 |   0.0
       D:10 |    3502 |       0 |   0.0 |      17 |       0 |   0.0
       D:11 |    4668 |    4313 |  48.0 |      23 |      10 |  30.3
       D:12 |    6203 |    5465 |  46.8 |      31 |      18 |  36.7
       D:13 |    7829 |       0 |   0.0 |      32 |       0 |   0.0
       D:14 |   11211 |   10427 |  48.2 |      43 |      27 |  38.6
       D:15 |   22132 |    4200 |  16.0 |      47 |       8 |  14.5
     Lair:1 |    1241 |    1747 |  58.5 |       7 |       5 |  41.7
     Lair:2 |     341 |    2289 |  87.0 |       3 |       6 |  66.7
     Lair:3 |    3707 |    3043 |  45.1 |      17 |       3 |  15.0
     Lair:4 |    4692 |    1710 |  26.7 |      13 |       4 |  23.5
     Lair:5 |    6197 |    1656 |  21.1 |      27 |       4 |  12.9
     Lair:6 |   13021 |   10421 |  44.5 |      50 |      36 |  41.9
   Shoals:1 |   17809 |    5213 |  22.6 |      39 |       6 |  13.3
   Shoals:2 |    8256 |    1629 |  16.5 |      16 |       1 |   5.9
   Shoals:3 |   11719 |   21502 |  64.7 |      26 |      28 |  51.9
   Shoals:4 |   12996 |   12102 |  48.2 |      28 |      22 |  44.0
   Spider:1 |   16155 |       0 |   0.0 |      51 |       0 |   0.0
   Spider:2 |   15139 |    5642 |  27.1 |      39 |       2 |   4.9
   Spider:3 |   16946 |       0 |   0.0 |      42 |       0 |   0.0
   Spider:4 |   10346 |   26870 |  72.2 |      32 |      60 |  65.2
      Orc:1 |    3180 |    3932 |  55.3 |      35 |       6 |  14.6
      Orc:2 |    2396 |    8696 |  78.4 |      30 |      13 |  30.2
      Elf:1 |   19894 |   16072 |  44.7 |      36 |      29 |  44.6
      Elf:2 |   28065 |   24743 |  46.9 |      48 |      29 |  37.7
      Elf:3 |   21176 |   46307 |  68.6 |      33 |      32 |  49.2
   Vaults:1 |   30452 |   23783 |  43.9 |      52 |      45 |  46.4
   Vaults:2 |   26216 |   33104 |  55.8 |      38 |      37 |  49.3
   Vaults:3 |   36011 |   10492 |  22.6 |      59 |      11 |  15.7
   Vaults:4 |   34963 |   73033 |  67.6 |      50 |      95 |  65.5
   Vaults:5 |   10497 |  112666 |  91.5 |      19 |      57 |  75.0
   Depths:1 |   22282 |    2837 |  11.3 |      35 |       7 |  16.7
   Depths:2 |   53371 |   46021 |  46.3 |      71 |      33 |  31.7
   Depths:3 |   31773 |   52119 |  62.1 |      30 |      51 |  63.0
   Depths:4 |   52192 |   28431 |  35.3 |      56 |      19 |  25.3
   Depths:5 |       0 |  146245 | 100.0 |       0 |      89 | 100.0
      Zot:1 |   28643 |    7069 |  19.8 |      16 |       4 |  20.0
      Zot:2 |   32102 |       0 |   0.0 |      16 |       0 |   0.0
      Zot:3 |   64595 |    6654 |   9.3 |      40 |       3 |   7.0
      Zot:4 |   78112 |   29185 |  27.2 |      45 |      18 |  28.6
      Zot:5 |    1647 |       0 |   0.0 |       2 |       0 |   0.0
    Abyss:3 |   24650 |       0 |   0.0 |      62 |       0 |   0.0
      Zig:1 |    2049 |       0 |   0.0 |       1 |       0 |   0.0
    Ossuary |       0 |     496 | 100.0 |       0 |      38 | 100.0
     Bailey |       0 |    3268 | 100.0 |       0 |      40 | 100.0
      IceCv |       0 |    6561 | 100.0 |       0 |      54 | 100.0
            +---------+---------+-------+---------+---------+-------
